[Event "Titled Tuesday Blitz May 23 Late 2023"]
[White "The_Sherman_Variation"]
[Black "Carlsen, Magnus"]
[BlackFideId "1503014"]
[WhiteElo "2515"]
[BlackElo "2852"]
[Result "0-1"]
[Round "01"]
[TimeControl "180+2"]
[Date "2023.05.23"]
[WhiteClock "0:00:20"]
[BlackClock "0:01:59"]

1. e4 d5 2. exd5 Qxd5 3. Nc3 Qd6 4. d4 Nf6 5. Nf3 a6 6. Be2 b5 7. O-O Bb7 8. Bg5 Nbd7 9. a4 b4 10. Nb1 e6 11. Nbd2 c5 12. Nc4 Qc7 13. c3 bxc3 14. bxc3 Be7 15. Rb1 O-O 16. Qc1 Be4 17. Bf4 Qc6 18. Nfe5 Nxe5 19. Nxe5 Qxa4 20. Ra1 Qe8 21. Bxa6 cxd4 22. cxd4 Qd8 23. Nc6 Bxc6 24. Qxc6 Qxd4 25. Be3 Qe5 26. Ra4 Nd5 27. Bd4 Qf5 28. Ba1 Nb4 29. Qb5 Nxa6 30. Qb7 Nc5 31. Qxa8 Rxa8 32. Rxa8+ Bf8 33. h3 Qd5 34. Rb8 f6 35. Bc3 Kf7 36. Bb4 Nd7 0-1


[Site "https://www.chess.com"]

[Event "Titled Tuesday Blitz May 23 Late 2023"]
[White "Estrada Nieto, Julian"]
[Black "Naroditsky, Daniel"]
[WhiteFideId "5101018"]
[BlackFideId "2026961"]
[WhiteElo "2161"]
[BlackElo "2633"]
[Result "1/2-1/2"]
[Round "01"]
[TimeControl "180+2"]
[Date "2023.05.23"]
[WhiteClock "0:00:10"]
[BlackClock "0:00:05"]

1. e4 c5 2. Nf3 d6 3. Bb5+ Nd7 4. d4 cxd4 5. Qxd4 e5 6. Qd3 a6 7. Bxd7+ Bxd7 8. Nc3 h6 9. Nd2 b5 10. a4 Rb8 11. axb5 axb5 12. Nd5 Nf6 13. Nxf6+ Qxf6 14. O-O Be7 15. Ra7 Be6 16. Re1 O-O 17. Nf1 d5 18. Ne3 dxe4 19. Qxe4 Rbd8 20. c3 b4 21. h3 bxc3 22. bxc3 Rc8 23. Ba3 Bxa3 24. Rxa3 Qe7 25. Rea1 Qc5 26. Ng4 Bxg4 27. hxg4 Rfd8 28. Ra5 Qxc3 29. Qxe5 Qc4 30. Qf5 Re8 31. Ra7 Rc5 32. Qf3 Rce5 33. Ra8 g6 34. Rxe8+ Rxe8 35. Ra8 Rxa8 36. Qxa8+ Kg7 37. Qf3 Qc1+ 38. Kh2 Qc7+ 39. g3 Qc5 40. Kg2 Qd4 41. Qf4 Qd5+ 42. Qf3 Qe6 43. Qf4 Qf6 44. Qxf6+ Kxf6 45. f4 Ke6 46. Kf3 Kd5 47. Ke3 f5 48. gxf5 gxf5 49. Kd3 h5 50. Ke3 Kc4 51. Kd2 Kd4 52. Ke2 Ke4 53. Kf2 Kd5 54. Kg2 Ke6 55. Kh3 Kf6 56. Kh4 Kg6 57. Kh3 Kf6 58. Kh4 1/2-1/2


[Site "https://www.chess.com"]

[Event "Titled Tuesday Blitz May 23 Late 2023"]
[White "Nihal Sarin"]
[Black "Rengifo Blancas, Renzo Jhonathan"]
[WhiteFideId "25092340"]
[BlackFideId "3807185"]
[WhiteElo "2689"]
[BlackElo "2085"]
[Result "1-0"]
[Round "01"]
[TimeControl "180+2"]
[Date "2023.05.23"]
[WhiteClock "0:02:17"]
[BlackClock "0:00:00"]

1. d4 d5 2. Nf3 e6 3. h4 Nf6 4. Bg5 h6 5. Bxf6 Qxf6 6. g4 c5 7. c3 Nc6 8. e3 Bd6 9. Nbd2 Bd7 10. g5 Qe7 11. Rg1 hxg5 12. hxg5 O-O-O 13. Be2 e5 14. dxc5 Bxc5 15. Nb3 Bb6 16. Qxd5 e4 17. Nfd4 Kb8 18. Nxc6+ Bxc6 19. Qc4 a6 20. Nd4 Bd5 21. Qa4 Rh2 22. Rd1 Qe5 23. Qb4 Bc7 24. Bxa6 Kc8 25. Be2 Rdh8 26. Nb5 Bb8 27. Qc5+ Bc6 28. Bg4+ 1-0


[Site "https://www.chess.com"]

[Event "Titled Tuesday Blitz May 23 Late 2023"]
[White "Perez, Maximiliano"]
[Black "Caruana, Fabiano"]
[WhiteFideId "117234"]
[BlackFideId "2020009"]
[WhiteElo "2344"]
[BlackElo "2837"]
[Result "0-1"]
[Round "01"]
[TimeControl "180+2"]
[Date "2023.05.23"]
[WhiteClock "0:00:20"]
[BlackClock "0:00:27"]

1. e4 e6 2. d3 d5 3. Nd2 Nf6 4. Ngf3 Nc6 5. g3 e5 6. exd5 Nxd5 7. Bg2 Bd6 8. O-O O-O 9. Nc4 Re8 10. Re1 h6 11. Nxd6 cxd6 12. c3 Nf6 13. a4 Be6 14. b4 Qd7 15. b5 Ne7 16. c4 Rac8 17. Bb2 Ng6 18. a5 Bh3 19. a6 b6 20. Nd2 Bxg2 21. Kxg2 Nh7 22. h4 f5 23. Qh5 Ngf8 24. f4 Nf6 25. Qf3 Ng4 26. Qd5+ Qf7 27. Qxf7+ Kxf7 28. fxe5 dxe5 29. Kf3 Nd7 30. Nf1 Nc5 31. Rad1 Nxd3 32. Re2 e4+ 33. Kg2 Rxc4 34. Ba1 Rec8 35. h5 f4 36. Red2 f3+ 37. Kg1 Rc2 38. Bd4 Ke6 39. Rxd3 exd3 40. Rxd3 Rg2+ 41. Kh1 Nf2+ 42. Bxf2 Rxf2 43. Kg1 Rcc2 44. Re3+ Kf6 45. Rd3 Rg2+ 46. Kh1 Rgf2 47. Kg1 Ke5 48. Rd7 Rg2+ 49. Kh1 Rc1 50. Re7+ Kf6 0-1


[Site "https://www.chess.com"]

[Event "Titled Tuesday Blitz May 23 Late 2023"]
[White "Duda, Jan-Krzysztof"]
[Black "Ladan, Nicholas"]
[WhiteFideId "1170546"]
[BlackFideId "30918855"]
[WhiteElo "2790"]
[BlackElo "2167"]
[Result "1-0"]
[Round "01"]
[TimeControl "180+2"]
[Date "2023.05.23"]
[WhiteClock "0:01:58"]
[BlackClock "0:00:01"]

1. e4 e5 2. Nf3 Nc6 3. Bc4 Nf6 4. d3 Be7 5. O-O O-O 6. a4 d6 7. Nc3 Na5 8. Ba2 c5 9. Bg5 Nc6 10. Bxf6 Bxf6 11. Nd5 Be6 12. c3 g6 13. Rb1 Bg7 14. b4 cxb4 15. Nxb4 Bxa2 16. Nxa2 Qd7 17. c4 f5 18. Nc3 Nd4 19. Nxd4 exd4 20. Nd5 fxe4 21. dxe4 Rae8 22. Qd3 b6 23. Rb5 Re5 24. a5 bxa5 25. Rxa5 Rfe8 26. f3 Bh6 27. Rfa1 Rxd5 28. cxd5 Be3+ 29. Kh1 Re7 30. Qa3 Re5 31. Rxa7 Qb5 32. Qxd6 Rh5 33. Ra8+ 1-0


[Site "https://www.chess.com"]

[Event "Titled Tuesday Blitz May 23 Late 2023"]
[White "Ismayil, Malak"]
[Black "Bluebaum, Matthias"]
[WhiteFideId "13412604"]
[BlackFideId "24651516"]
[WhiteElo "1868"]
[BlackElo "2639"]
[Result "0-1"]
[Round "01"]
[TimeControl "180+2"]
[Date "2023.05.23"]
[WhiteClock "0:00:07"]
[BlackClock "0:01:02"]

1. e4 e6 2. d4 d5 3. Nd2 c5 4. exd5 Qxd5 5. dxc5 Nf6 6. Ngf3 Qxc5 7. Bd3 Nbd7 8. O-O Qc7 9. Qe2 Nc5 10. Bb5+ Bd7 11. Nb3 a6 12. Bxd7+ Ncxd7 13. Bg5 Bd6 14. Rad1 O-O 15. c3 h6 16. Bh4 Nd5 17. Bg3 Bxg3 18. hxg3 b5 19. a3 Rad8 20. Nbd4 N7b6 21. Ne5 Rd6 22. Qf3 Rfd8 23. Rde1 Nc4 24. Nxc4 Qxc4 25. Re4 Nf6 26. Re3 Qd5 27. Qe2 Qh5 28. Qxh5 Nxh5 29. Rfe1 Nf6 30. Re5 Nd7 31. R5e2 Nb6 32. g4 Nc4 33. f3 g6 34. Kf2 e5 35. Nb3 Rd5 36. Kg3 Kg7 37. Re4 Kf6 38. Rh1 Kg7 39. Rhe1 R8d6 40. R4e2 a5 41. Na1 Rd2 42. b3 Rxe2 43. Rxe2 Nxa3 44. Ra2 b4 45. cxb4 axb4 46. Re2 Rd3 47. Kf2 Rc3 48. Re1 Kf6 49. Rd1 Ke6 50. Ke2 Nc2 51. Nxc2 Rxc2+ 52. Kd3 Rc3+ 53. Ke2 Rxb3 54. Ra1 Rb2+ 55. Ke3 Rxg2 0-1


[Site "https://www.chess.com"]

[Event "Titled Tuesday Blitz May 23 Late 2023"]
[White "Grischuk, Alexander"]
[Black "Remolar Gallen, Jose"]
[WhiteFideId "4126025"]
[BlackFideId "2215187"]
[WhiteElo "2721"]
[BlackElo "2223"]
[Result "1-0"]
[Round "01"]
[TimeControl "180+2"]
[Date "2023.05.23"]
[WhiteClock "0:00:09"]
[BlackClock "0:00:06"]

1. e4 c5 2. Nc3 d6 3. d4 cxd4 4. Qxd4 Nc6 5. Qd2 g6 6. b3 Bh6 7. f4 Nf6 8. Bb2 e5 9. Nge2 O-O 10. O-O-O Re8 11. Kb1 Bg4 12. h3 Bxe2 13. Bxe2 exf4 14. Bf3 Re6 15. g3 Ne5 16. Rhf1 Nxf3 17. Rxf3 Nxe4 18. Nxe4 Rxe4 19. gxf4 Bg7 20. Bxg7 Kxg7 21. f5 Qf6 22. Qd3 Qe5 23. f6+ Kg8 24. Qxd6 Re8 25. Qxe5 R4xe5 26. Rd7 b5 27. Rxa7 h5 28. Kb2 g5 29. Rb7 R8e6 30. a4 bxa4 31. bxa4 Ra6 32. Rb5 Rae6 33. Rxe5 Rxe5 34. Ra3 g4 35. hxg4 hxg4 36. a5 Kh7 37. a6 Re8 38. Rg3 Re6 39. Rxg4 Rxa6 40. Rg7+ Kh6 41. Rxf7 Kg6 42. Re7 Rxf6 43. Re3 Rc6 44. Kb3 Kf6 45. c4 Kf5 46. Kb4 Kf4 47. Re1 Kf5 48. c5 Kf6 49. Kb5 Rc8 50. c6 Rb8+ 51. Kc5 Rb2 52. c7 Rc2+ 53. Kb6 Rb2+ 54. Kc6 Rc2+ 55. Kd7 Rd2+ 56. Kc8 Rb2 57. Re4 Kf5 58. Re8 Kf6 59. Kd7 Rd2+ 60. Kc6 Rc2+ 61. Kb6 Rb2+ 62. Ka5 Ra2+ 63. Kb4 Rc2 64. c8=Q Rxc8 65. Rxc8 1-0


[Site "https://www.chess.com"]

[Event "Titled Tuesday Blitz May 23 Late 2023"]
[White "SereneSalmon"]
[Black "Bortnyk, Olexandr"]
[BlackFideId "14120828"]
[WhiteElo "2506"]
[BlackElo "2734"]
[Result "0-1"]
[Round "01"]
[TimeControl "180+2"]
[Date "2023.05.23"]
[WhiteClock "0:00:14"]
[BlackClock "0:00:04"]

1. Nf3 Nf6 2. d4 b6 3. c4 Bb7 4. g3 g6 5. Bg2 Bg7 6. O-O O-O 7. d5 Na6 8. Nc3 Nc5 9. Qc2 a5 10. e4 c6 11. Be3 cxd5 12. exd5 Ne8 13. Rfe1 Nd6 14. b3 a4 15. Bd4 axb3 16. axb3 Rxa1 17. Rxa1 Bxd4 18. Nxd4 e5 19. dxe6 dxe6 20. Bxb7 Ncxb7 21. Ndb5 Qf6 22. Nxd6 Nxd6 23. Rd1 Nf5 24. Ne4 Qe5 25. Qd3 h5 26. h4 Ra8 27. Ng5 Qf6 28. Qd7 Nh6 29. Qb7 Ra2 30. Qxb6 Kg7 31. Qd4 Qxd4 32. Rxd4 Rb2 33. Rd3 Ng4 34. Rf3 Ne5 35. Re3 Ng4 36. Rf3 Ne5 37. Re3 Kf6 38. Ne4+ Ke7 39. Rc3 f5 40. Nc5 Nc6 41. Nd3 Rb1+ 42. Kg2 e5 43. b4 e4 44. Nf4 Ne5 45. b5 Kf7 46. Ne2 Rb4 47. Nd4 Rxc4 48. Rxc4 Nxc4 49. Kf1 Ke7 50. Ke2 Kd6 51. Nc2 Kc5 52. Ne3 Nd6 53. f3 Kxb5 54. fxe4 Nxe4 55. Kf3 Nf6 56. Ng2 Nd5 57. Nf4 Ne7 58. Ne6 Kc6 59. Kf4 Kd7 60. Nd4 Ke8 61. Kg5 Kf7 62. Ne2 Nd5 63. Nd4 Nf6 64. Nf3 Ne4+ 65. Kf4 Kf6 66. Ng5 Nxg5 67. hxg5+ Ke6 68. Ke3 Ke5 69. Kf3 Kd4 70. Kf4 Kd5 71. Kf3 Ke5 72. Ke3 f4+ 73. gxf4+ Kf5 74. Kf3 h4 75. Ke3 Kg4 76. Ke4 h3 77. f5 gxf5+ 0-1


[Site "https://www.chess.com"]

[Event "Titled Tuesday Blitz May 23 Late 2023"]
[White "Sarana, Alexey"]
[Black "Ronka, Erik"]
[WhiteFideId "24133795"]
[BlackFideId "505080"]
[WhiteElo "2714"]
[BlackElo "2264"]
[Result "1-0"]
[Round "01"]
[TimeControl "180+2"]
[Date "2023.05.23"]
[WhiteClock "0:00:05"]
[BlackClock "0:00:00"]

1. c4 c6 2. e4 d5 3. exd5 cxd5 4. d4 Nf6 5. Nc3 g6 6. cxd5 Nxd5 7. Bc4 Nb6 8. Bb3 Bg7 9. Nf3 O-O 10. O-O Nc6 11. d5 Na5 12. Bg5 Nxb3 13. axb3 Re8 14. Re1 Bg4 15. h3 Bxf3 16. Qxf3 Bxc3 17. bxc3 Qxd5 18. Qxd5 Nxd5 19. c4 f6 20. Bd2 Nc7 21. f4 Kf7 22. Kf2 a6 23. Ba5 Ne6 24. g3 Nc5 25. Re3 f5 26. Kf3 Rac8 27. Rd1 Rc6 28. b4 Ne4 29. c5 Nf6 30. g4 e6 31. Rd6 Nd5 32. Rd3 Rxd6 33. cxd6 b6 34. d7 Rd8 35. Bxb6 Nxb6 36. Rd6 Nxd7 37. Kg3 Ke7 38. Rxa6 Rb8 39. Ra4 Rb7 40. Kh4 Nb6 41. Ra5 Nd5 42. Kg5 Kf7 43. Kh6 Nxf4 44. gxf5 gxf5 45. b5 Kf6 46. h4 Ng2 47. Kh5 e5 48. Ra6+ Kg7 49. b6 Kf6 50. Kh6 f4 51. h5 Ke6 52. Kg5 Kd5 53. Kg4 Ne3+ 54. Kf3 Rg7 55. Ra7 Rg8 56. Rxh7 Rb8 57. b7 Nf5 58. Kg4 Nd4 59. h6 f3 60. Kg3 Rg8+ 61. Rg7 Rb8 62. Kf2 e4 63. h7 Nf5 64. Rg8 e3+ 65. Kxf3 e2 66. Kxe2 Nd4+ 67. Kf2 1-0


[Site "https://www.chess.com"]

[Event "Titled Tuesday Blitz May 23 Late 2023"]
[White "Miszler, Levente"]
[Black "Dubov, Daniil"]
[WhiteFideId "763276"]
[BlackFideId "24126055"]
[WhiteElo "2176"]
[BlackElo "2793"]
[Result "0-1"]
[Round "01"]
[TimeControl "180+2"]
[Date "2023.05.23"]
[WhiteClock "0:00:21"]
[BlackClock "0:02:10"]

1. Nf3 d5 2. d4 Nf6 3. c4 e6 4. g3 Be7 5. Bg2 O-O 6. O-O dxc4 7. Qc2 b5 8. Rd1 Bb7 9. Ne5 Bxg2 10. Kxg2 Nc6 11. b3 Nxd4 12. Qb2 c5 13. bxc4 bxc4 14. Nf3 Rb8 15. Qc3 Nd5 16. Qxc4 Nxf3 17. exf3 Bf6 18. Nd2 Bxa1 19. Ba3 Bf6 20. Bxc5 Be7 21. Rc1 Bxc5 22. Qxc5 Rc8 0-1


[Site "https://www.chess.com"]

[Event "Titled Tuesday Blitz May 23 Late 2023"]
[White "Andreikin, Dmitry"]
[Black "Sivakumar, Shaaketh"]
[WhiteFideId "4158814"]
[BlackFideId "30940176"]
[WhiteElo "2736"]
[BlackElo "2174"]
[Result "1-0"]
[Round "01"]
[TimeControl "180+2"]
[Date "2023.05.23"]
[WhiteClock "0:01:06"]
[BlackClock "0:00:38"]

1. d4 e6 2. e4 d5 3. e5 c5 4. c3 Nc6 5. Nf3 Qb6 6. Bd3 cxd4 7. O-O Bd7 8. Re1 Nge7 9. h4 Nf5 10. Bxf5 exf5 11. cxd4 Bb4 12. Nc3 Be6 13. a3 Bxc3 14. bxc3 Na5 15. a4 Rc8 16. Ba3 Rxc3 17. Rb1 Qc6 18. Bb4 b6 19. Ng5 Rc4 20. Bxa5 bxa5 21. Rb8+ Bc8 22. e6 f6 23. Nf7 O-O 24. e7 Re8 25. Qh5 g6 26. Qh6 Qc7 27. h5 g5 28. Qxf6 Qxb8 29. Nh6# 1-0


[Site "https://www.chess.com"]

[Event "Titled Tuesday Blitz May 23 Late 2023"]
[White "Haszon, David"]
[Black "Checa, Nicolas"]
[WhiteFideId "733610"]
[BlackFideId "2069342"]
[WhiteElo "2210"]
[BlackElo "2507"]
[Result "0-1"]
[Round "01"]
[TimeControl "180+2"]
[Date "2023.05.23"]
[WhiteClock "0:00:14"]
[BlackClock "0:02:18"]

1. d4 d5 2. Bf4 Nf6 3. e3 Bg4 4. Qd3 c6 5. Nd2 e6 6. f3 Bf5 7. Qb3 Qb6 8. O-O-O Nbd7 9. g4 Bg6 10. h4 h5 11. g5 Ng8 12. c4 Ne7 13. Qxb6 axb6 14. a3 dxc4 15. Nxc4 Nd5 16. Nh3 b5 17. Ne5 Nxe5 18. dxe5 Bc5 19. Re1 Bf5 20. Rh2 b4 21. axb4 Ra1+ 22. Kd2 Bxb4+ 0-1


[Site "https://www.chess.com"]

[Event "Titled Tuesday Blitz May 23 Late 2023"]
[White "Paravyan, David"]
[Black "Kokoszczynski, Jan"]
[WhiteFideId "4194985"]
[BlackFideId "1174460"]
[WhiteElo "2563"]
[BlackElo "2139"]
[Result "1/2-1/2"]
[Round "01"]
[TimeControl "180+2"]
[Date "2023.05.23"]
[WhiteClock "0:00:14"]
[BlackClock "0:00:06"]

1. e4 e5 2. Nf3 Nc6 3. Bb5 a6 4. Ba4 Nf6 5. O-O Be7 6. d3 b5 7. Bb3 d6 8. a3 O-O 9. Nc3 Na5 10. Ba2 c5 11. Nd5 Nc6 12. Re1 h6 13. c3 Re8 14. h3 Bf8 15. Be3 Be6 16. b4 Rc8 17. Rc1 Bxd5 18. exd5 Ne7 19. c4 cxb4 20. axb4 Nf5 21. Bb3 Nxe3 22. Rxe3 Qd7 23. c5 dxc5 24. Nxe5 Qf5 25. Qe2 cxb4 26. Nc6 Bd6 27. Rxe8+ Rxe8 28. Qf3 Qxf3 29. gxf3 Nh5 30. Ra1 Nf4 31. d4 Re2 32. Ne5 Rb2 33. Bd1 a5 34. Rxa5 Rb1 35. Ra8+ Kh7 36. Nxf7 Rxd1+ 37. Kh2 Rxd4 38. Nxd6 Rxd5 39. Ne4 b3 40. Ra3 b2 41. Rb3 Nd3 42. Nc3 Rc5 43. Nd1 Rc2 44. Kg3 Rd2 45. Nc3 Rc2 46. Nxb5 Rc1 47. Na3 Ra1 48. Rxd3 Rxa3 49. Rxa3 b1=Q 50. Kg2 Qb4 51. Re3 Kg6 52. Re4 Qc5 53. Rg4+ Kh7 54. Re4 Qd5 55. Rg4 h5 56. Re4 g6 57. Ra4 Kh6 58. Re4 Qg5+ 59. Kh2 Qc1 60. Kg2 Qd1 61. Re3 Qd5 62. Re4 Kg5 63. Kg3 Kf6 64. Kg2 Qg5+ 65. Kf1 Qf5 66. Kg2 Qc5 67. Kg3 Qc2 68. Kg2 Kf5 69. Rb4 Qc5 70. Re4 Qa5 71. Rc4 g5 72. Re4 Qa3 73. Rc4 Kf6 74. Re4 Kg6 75. Rc4 Kf5 76. Rd4 Qc3 77. Re4 Qc2 78. Rb4 Qc3 79. Ra4 Kf6 80. Re4 Kg6 81. Ra4 Qc6 82. Re4 Qa6 83. Rb4 Kf5 84. Re4 Qd6 85. Ra4 h4 86. Re4 Qd3 87. Ra4 Qc2 88. Rd4 Qb2 89. Rc4 Qb3 90. Rd4 Ke5 91. Re4+ Kf6 92. Rd4 Kf5 93. Re4 Qb2 94. Rg4 Qb1 95. Rd4 Qa1 96. Re4 Qb2 97. Rg4 Qb3 1/2-1/2


[Site "https://www.chess.com"]

[Event "Titled Tuesday Blitz May 23 Late 2023"]
[White "Bortnyk, Mykola"]
[Black "Sokolov, Andrei"]
[WhiteFideId "14120836"]
[BlackFideId "11600306"]
[WhiteElo "2582"]
[BlackElo "2473"]
[Result "1-0"]
[Round "01"]
[TimeControl "180+2"]
[Date "2023.05.23"]
[WhiteClock "0:01:19"]
[BlackClock "0:00:15"]

1. e4 c6 2. Nc3 d5 3. Nf3 Bg4 4. h3 Bxf3 5. Qxf3 Nf6 6. exd5 cxd5 7. Bb5+ Nc6 8. O-O e6 9. Re1 Be7 10. Ne2 O-O 11. c3 a6 12. Ba4 Ne5 13. Qg3 Nc4 14. d3 Nd6 15. Bc2 Nf5 16. Qf3 Bd6 17. d4 Ne7 18. Bg5 Ng6 19. h4 Re8 20. h5 Nf8 21. h6 Be7 22. hxg7 Kxg7 23. Nf4 Ng6 24. Bxf6+ Bxf6 25. Nh5+ Kh8 26. Nxf6 e5 27. Bxg6 fxg6 28. Nxe8 Qxe8 29. Qf6+ Kg8 30. Rxe5 1-0


[Site "https://www.chess.com"]

[Event "Titled Tuesday Blitz May 23 Late 2023"]
[White "Moral Garcia, Serafin"]
[Black "Van Foreest, Jorden"]
[WhiteFideId "2201925"]
[BlackFideId "1039784"]
[WhiteElo "2274"]
[BlackElo "2633"]
[Result "0-1"]
[Round "01"]
[TimeControl "180+2"]
[Date "2023.05.23"]
[WhiteClock "0:00:57"]
[BlackClock "0:01:59"]

1. c4 g6 2. Nc3 Bg7 3. g3 Nc6 4. Bg2 d6 5. e3 e5 6. Nge2 f5 7. d4 e4 8. f3 exf3 9. Bxf3 Nf6 10. O-O O-O 11. Nf4 Ne7 12. e4 fxe4 13. Nxe4 Nxe4 14. Bxe4 c6 15. Bg2 Nf5 16. d5 c5 17. Re1 Be5 18. Rb1 Nd4 19. b3 Bf5 20. Rb2 Qd7 21. Rf2 Rae8 22. Bb2 Qg7 23. Kh1 a6 24. Bxd4 Bxd4 25. Rfe2 Bg4 26. Ne6 Bxe2 27. Rxe2 Qf6 28. Nxf8 Rxf8 29. Qe1 Bc3 30. Qd1 Be5 31. Bh3 Kg7 32. Re1 Qg5 33. Rf1 Qe3 34. Rxf8 Kxf8 35. Qf1+ Kg7 36. Be6 Qe4+ 37. Qg2 Qb1+ 38. Qg1 Qxa2 39. Qe3 Qb1+ 40. Kg2 Qc2+ 41. Kh3 Qd1 42. Qf2 Bf6 43. Qe3 Qf1+ 44. Kg4 h5# 0-1


[Site "https://www.chess.com"]

[Event "Titled Tuesday Blitz May 23 Late 2023"]
[White "Svane, Rasmus"]
[Black "Machidon, Cristi"]
[WhiteFideId "4657101"]
[BlackFideId "13904590"]
[WhiteElo "2601"]
[BlackElo "2355"]
[Result "1-0"]
[Round "01"]
[TimeControl "180+2"]
[Date "2023.05.23"]
[WhiteClock "0:01:30"]
[BlackClock "0:00:36"]

1. Nf3 c5 2. c4 Nc6 3. Nc3 e6 4. g3 d5 5. cxd5 exd5 6. d4 Nf6 7. Bg2 cxd4 8. Nxd4 Bc5 9. Nb3 Bb6 10. Na4 Be6 11. O-O O-O 12. Nxb6 axb6 13. Be3 Re8 14. Bd4 Bg4 15. Re1 Ra4 16. h3 Bh5 17. Bxf6 Qxf6 18. Qxd5 Qe5 19. Qxe5 Rxe5 20. e3 Nb4 21. a3 Nd3 22. Red1 Bxd1 23. Rxd1 Kf8 24. Rxd3 b5 25. Bxb7 b4 26. Rd4 1-0


[Site "https://www.chess.com"]

[Event "Titled Tuesday Blitz May 23 Late 2023"]
[White "Hnydiuk, Aleksander"]
[Black "Fridman, Daniel"]
[WhiteFideId "1109057"]
[BlackFideId "11600454"]
[WhiteElo "2374"]
[BlackElo "2525"]
[Result "0-1"]
[Round "01"]
[TimeControl "180+2"]
[Date "2023.05.23"]
[WhiteClock "0:00:06"]
[BlackClock "0:01:07"]

1. d4 d5 2. c4 e6 3. Nc3 Nf6 4. cxd5 exd5 5. Bg5 c6 6. e3 Bf5 7. Qf3 Bg6 8. Bxf6 Qxf6 9. Qxf6 gxf6 10. h4 Nd7 11. Nh3 Bd6 12. g3 Bb4 13. O-O-O Rc8 14. Nf4 Bxc3 15. bxc3 Be4 16. Rg1 c5 17. Bb5 cxd4 18. Rxd4 Rxc3+ 19. Kb2 Rc2+ 20. Kb3 Rc5 21. Kb4 b6 22. a4 Ke7 23. Rgd1 a5+ 24. Ka3 Rc3+ 25. Kb2 Rc2+ 26. Kb3 Nc5+ 27. Ka3 Rxf2 28. Nxd5+ Bxd5 29. Rxd5 Rg8 0-1


[Site "https://www.chess.com"]

[Event "Titled Tuesday Blitz May 23 Late 2023"]
[White "Sjugirov, Sanan"]
[Black "Deviprasath, Sharvesh"]
[WhiteFideId "4189302"]
[BlackFideId "30938228"]
[WhiteElo "2569"]
[BlackElo "2168"]
[Result "1-0"]
[Round "01"]
[TimeControl "180+2"]
[Date "2023.05.23"]
[WhiteClock "0:00:19"]
[BlackClock "0:00:16"]

1. d4 Nf6 2. c4 g6 3. Nc3 Bg7 4. e4 d6 5. Nf3 O-O 6. Be2 Nbd7 7. O-O e5 8. Be3 Re8 9. Qc2 exd4 10. Bxd4 Nc5 11. Bxc5 dxc5 12. Rad1 Qe7 13. e5 Nd7 14. Nd5 Qd8 15. Nf4 c6 16. e6 fxe6 17. Bd3 e5 18. Ne2 Qe7 19. Ng3 Nf8 20. Rde1 Bg4 21. Nd2 Ne6 22. Nde4 Nd4 23. Qc1 Rad8 24. Bb1 Be6 25. b3 a6 26. Kh1 Kh8 27. Ng5 Bf5 28. f4 h6 29. Nf3 Nxf3 30. Rxf3 Bxb1 31. Qxb1 Qd6 32. Rfe3 Kh7 33. f5 gxf5 34. Nxf5 Qg6 35. Rg3 1-0


[Site "https://www.chess.com"]

[Event "Titled Tuesday Blitz May 23 Late 2023"]
[White "Ognean, Mihnea-Ionut"]
[Black "Makarian, Rudik"]
[WhiteFideId "1232347"]
[BlackFideId "44105681"]
[WhiteElo "2215"]
[BlackElo "2461"]
[Result "0-1"]
[Round "01"]
[TimeControl "180+2"]
[Date "2023.05.23"]
[WhiteClock "0:00:01"]
[BlackClock "0:00:09"]

1. Nf3 Nf6 2. d4 c5 3. d5 b5 4. e4 Nxe4 5. Bd3 Qa5+ 6. c3 Nf6 7. O-O c4 8. Bc2 Bb7 9. a4 Nxd5 10. Na3 e6 11. Nxb5 Be7 12. Qd4 O-O 13. Qxc4 Nc6 14. Bg5 Qd8 15. Nd6 Rb8 16. Qd3 g6 17. Bxe7 Qxe7 18. Nxb7 Rxb7 19. b4 Rc7 20. Bb3 Nf4 21. Qe3 Qf6 22. g3 Nh5 23. Rac1 Rfc8 24. a5 d5 25. Ba4 Ng7 26. Kg2 Nf5 27. Qd2 Ne5 28. Nxe5 Qxe5 29. b5 Rc4 30. Bc2 Nd6 31. Bd3 Rxc3 32. Rxc3 Rxc3 33. Rb1 Qd4 34. Rd1 Rb3 35. Bf1 Qxd2 36. Rxd2 Nxb5 37. Rc2 Nd4 38. Rc7 Ra3 39. Rxa7 Ra2 40. Ra8+ Kg7 41. a6 Nf5 42. Bd3 Ne3+ 43. Kf3 Nd1 44. Be2 Nc3 45. Bd3 Ra3 46. Kg2 e5 47. a7 e4 48. Bf1 d4 49. Bc4 d3 50. Rd8 Rxa7 51. f3 Rc7 52. Ba6 Rc6 53. Bb7 Rb6 54. Bxe4 Rb2+ 55. Kh3 d2 56. Bc6 d1=Q 0-1


[Site "https://www.chess.com"]

[Event "Titled Tuesday Blitz May 23 Late 2023"]
[White "Ibarra Jerez, Jose Carlos"]
[Black "Hajiyev, Kanan"]
[WhiteFideId "2226332"]
[BlackFideId "13404148"]
[WhiteElo "2638"]
[BlackElo "2103"]
[Result "1-0"]
[Round "01"]
[TimeControl "180+2"]
[Date "2023.05.23"]
[WhiteClock "0:00:50"]
[BlackClock "0:00:00"]

1. e4 c6 2. Nf3 d5 3. d3 dxe4 4. dxe4 Qxd1+ 5. Kxd1 Bg4 6. Be2 Nf6 7. Nfd2 Bxe2+ 8. Kxe2 g6 9. f3 Bg7 10. a4 a5 11. Nc4 Nbd7 12. Be3 O-O 13. Nbd2 Rfd8 14. Nb3 Ne8 15. c3 Ne5 16. Nbxa5 Nxc4 17. Nxc4 Nc7 18. Bb6 Rd7 19. Rhd1 Rxd1 20. Kxd1 Ne6 21. Kc2 Nf4 22. g3 Nh3 23. Be3 h5 24. a5 f5 25. Rd1 Kf7 26. Rd7 b5 27. axb6 Ke6 28. Rc7 Rb8 29. Rxc6+ Kd7 30. Rxg6 1-0


[Site "https://www.chess.com"]

[Event "Titled Tuesday Blitz May 23 Late 2023"]
[White "Koc, Przemyslaw"]
[Black "Terry, Renato"]
[WhiteFideId "1109081"]
[BlackFideId "3803457"]
[WhiteElo "2161"]
[BlackElo "2575"]
[Result "0-1"]
[Round "01"]
[TimeControl "180+2"]
[Date "2023.05.23"]
[WhiteClock "0:00:00"]
[BlackClock "0:00:39"]

1. d4 e6 2. Nf3 Nf6 3. Bg5 b6 4. e4 h6 5. Bxf6 Qxf6 6. Nbd2 Bb7 7. Bd3 d6 8. e5 Qe7 9. Qe2 a6 10. O-O Nd7 11. Rfe1 g6 12. c3 Bg7 13. exd6 cxd6 14. Be4 d5 15. Bd3 O-O 16. h4 Rfe8 17. h5 gxh5 18. Ne5 Nxe5 19. dxe5 Qg5 20. Nf3 Qg4 21. Qe3 d4 22. cxd4 Bxf3 23. Qxf3 Qxf3 24. gxf3 Red8 25. Red1 Rac8 26. Bxa6 Rc2 27. Rab1 h4 28. Bd3 Rc7 29. Bb5 h5 30. Kh2 Rc2 31. Kg2 Bh6 32. Bd3 Rd2 33. Rxd2 Bxd2 34. Rd1 Bf4 35. Kh3 Kf8 36. Be4 Bxe5 37. Kxh4 Bxd4 38. Kxh5 Ke7 39. Rd3 Rh8+ 40. Kg5 Bxb2 41. Kf4 Bc1+ 42. Kg3 Rg8+ 43. Kh3 Bf4 44. Bc6 Bd6 45. a4 Bc5 46. Rd2 Kf6 47. Be4 Ke5 48. Rc2 Bd4 49. Bb7 Kf4 50. Re2 Bc5 51. Re4+ Kf5 52. Rg4 Rb8 53. Be4+ Ke5 54. Rg5+ f5 55. Kg2 Kf6 56. Rh5 fxe4 57. fxe4 Ra8 58. e5+ Kg6 59. Rh4 Kf5 60. Rh5+ Ke4 61. Kg3 Bd4 62. f4 Rxa4 63. Kg4 Be3 64. Rh6 Kd5 65. Rf6 Rxf4+ 0-1


[Site "https://www.chess.com"]

[Event "Titled Tuesday Blitz May 23 Late 2023"]
[White "Kramnik, Vladimir"]
[Black "Cruz Mendez, Jean Marco"]
[WhiteFideId "4101588"]
[BlackFideId "3526402"]
[WhiteElo "2703"]
[BlackElo "2064"]
[Result "1-0"]
[Round "01"]
[TimeControl "180+2"]
[Date "2023.05.23"]
[WhiteClock "0:00:37"]
[BlackClock "0:00:13"]

1. c4 e5 2. Nc3 Nc6 3. g3 Bc5 4. Bg2 a6 5. e3 Ba7 6. Nge2 d6 7. d3 Bg4 8. h3 Be6 9. Nd5 Nge7 10. Bd2 O-O 11. O-O Qd7 12. Kh2 Rab8 13. Rc1 Nd8 14. f4 f6 15. Nxe7+ Qxe7 16. d4 exd4 17. exd4 c6 18. d5 Bf5 19. Bc3 Re8 20. Nd4 Bxd4 21. Qxd4 c5 22. Qf2 Qe2 23. Rce1 Qxf2 24. Rxe8+ Kf7 25. Rxf2 Kxe8 26. b3 Kf7 27. g4 Bd7 28. Bf1 b5 29. g5 b4 30. Bb2 Bf5 31. h4 Nb7 32. h5 h6 33. Bh3 Bxh3 34. Kxh3 Re8 35. Kg4 Re3 36. gxf6 gxf6 37. Kf5 Rh3 38. Bxf6 Rxh5+ 39. Kg4 Rh1 40. Bh4 a5 41. Re2 Rg1+ 42. Kf5 Rg7 43. Bf6 Rh7 44. Re7+ Kg8 45. Rxh7 Kxh7 46. Ke6 h5 47. f5 Kg8 48. Be7 1-0


[Site "https://www.chess.com"]